 Dungeon Crawl Stone Soup version 0.25-a0-940-gc6eaff51cc (webtiles) character file.

Game seed: 1067064336204181895, levelgen mode: deterministic

1316 Esekla the Slasher (level 8, -2/42 HPs)
             Began as a Vine Stalker Abyssal Knight on May 5, 2020.
             Was a Priest of Lugonu.
             Slain by Harold
             ... wielding a +0 trident
              (6 damage)
             ... on level 7 of the Dungeon.
             The game lasted 00:21:24 (4398 turns).

Esekla the Slasher (Vine Stalker Abyssal Knight)    Turns: 4398, Time: 00:21:25

Health: -2/42      AC:  4    Str: 16    XL:     8   Next: 59%
Magic:  0/14       EV:  6    Int: 13    God:    Lugonu [***...]
Gold:   240        SH:  0    Dex: 14    Spells: 14/14 levels left

rFire    . . .     SeeInvis .   B - +3 great sword
rCold    . . .     Gourm    .   (shield currently unavailable)
rNeg     . . .     Faith    .   b - +0 leather armour
rPois    .         Spirit   +   v - +0 helmet
rElec    .         Reflect  .   (no cloak)
rCorr    .         Harm     .   (no gloves)
MR       ++...                  (no boots)
Stlth    ++........             (no amulet)
HPRegen  0.54/turn              p - ring of protection from magic
MPRegen  0.14/turn              (no ring)

@: lethally poisoned (-2 -> -6), held
A: fangs 3, regeneration 1, magic shield, antimagic bite, no potion heal 3, rot
immunity
a: Depart the Abyss, Bend Space, Banish, Renounce Religion


You were on level 7 of the Dungeon.
You worshipped Lugonu.
Lugonu was most pleased with you.
You were not hungry.

You visited 1 branch of the dungeon, and saw 6 of its levels.
You visited the Abyss 1 time.

You collected 240 gold pieces.

Inventory:

Hand Weapons
 a - a +1 falchion
 g - a +1 great sword of flaming
 j - a +2 dagger of speed
 B - a +3 great sword (weapon)
 D - a +4 short sword
 E - a +1 dagger of venom
Armour
 b - a +0 leather armour (worn)
 v - a +0 helmet (worn)
Jewellery
 p - a ring of protection from magic (left hand)
Wands
 t - a wand of digging (4)
Scrolls
 d - a scroll of enchant armour {unknown}
 h - a scroll of fog {unknown}
 i - 2 scrolls of remove curse {unknown}
 m - a scroll of enchant weapon {unknown}
 n - 2 scrolls of identify
 o - 2 scrolls of magic mapping {unknown}
 q - a scroll of immolation {unknown}
 s - a scroll of amnesia {unknown}
 w - a scroll of blinking {unknown}
 y - a scroll of teleportation {unknown}
 C - a scroll of holy word {unknown}
Potions
 e - a potion of cancellation {unknown}
 f - a potion of might {unknown}
 k - 2 potions of flight
 l - a potion of ambrosia {unknown}
 r - a potion of mutation {unknown}
 u - 3 potions of curing
 x - a potion of brilliance
 z - a potion of invisibility {unknown}
 A - a potion of haste {unknown}
Comestibles
 c - 12 rations
 F - 2 chunks of flesh


   Skills:
 + Level 4.0 Fighting
 * Level 7.3 Long Blades
 + Level 2.3 Armour
 + Level 2.4 Dodging
 + Level 1.5 Stealth
 * Level 3.6 Spellcasting
 + Level 1.8 Invocations


You had 14 spell levels left.
You didn't know any spells.
Your spell library was empty.

Dungeon Overview and Level Annotations

Branches:
Dungeon (7/15)
 Temple: D:4-7

Altars:

Annotations:
D:7 Harold


Innate Abilities, Weirdness & Mutations

You have razor-sharp teeth.
Your natural rate of healing is unusually fast.
When hurt, damage is shared between your health and your magic reserves.
Your bite disrupts and absorbs the magic of your enemies.
Potions cannot restore your health.
You are immune to rotting.


Message History

You closely miss the scorpion.
You feel sick. The scorpion barely misses you.
You feel sick.
You feel sick.
You fail to use your ability.
You feel sick.
Harold hits you from afar with a +0 trident!!
The scorpion stings you!
* * * LOW HITPOINT WARNING * * *
You are more poisoned.
The scorpion poisons you! Space bends around you!
You blink.
You feel sick.
Harold throws a throwing net.
The throwing net hits you.
You become entangled in the net!
You tear a large gash into the net.
You feel sick.
You struggle against the net.
You feel sick.
Harold hits you from afar with a +0 trident.
* * * LOW HITPOINT WARNING * * *
You struggle against the net.
* * * LOW HITPOINT WARNING * * *
You feel sick.
Harold hits you from afar with a +0 trident!
You die...

#..##....<...#
#..##........#
#.#.###..##....#.>.....
#.......s......#..#####
..............##..#
#.#####..###.###..#
######.# #..# #..s@..#
..# ######@###..###
#......... ######.###


You could see Harold and a scorpion.

Vanquished Creatures
  Sigmund (D:2)
  Duvessa (D:6)
  A sky beast (D:6)
  An eye of draining (D:4)
  A centaur (D:6)
  Dowan (D:6)
  A scorpion (D:6)
  3 wights (D:6)
  2 howler monkeys
  A crimson imp (D:6)
  2 hounds
  An orc priest (D:3)
  Terence (D:2)
  2 iguanas (D:4)
  4 worker ants
  A hound skeleton (D:4)
  A gnoll (D:1)
  7 adders
  An adder skeleton (D:4)
  2 worms (D:2)
  3 dart slugs
  3 leopard geckos
  4 orcs (D:3)
  8 bats
  11 giant cockroaches
  13 goblins
  11 hobgoblins
  9 jackals
  2 quokkas
  7 frilled lizards
  9 kobolds
  7 rats
122 creatures vanquished.

Notes
Turn   | Place    | Note
-------+----------+-------------------------------------------
     0 | Abyss:1  | Esekla the Vine Stalker Abyssal Knight began the quest for
                  | the Orb.
     0 | Abyss:1  | Reached XP level 1. HP: 11/11 MP: 3/3
    73 | Abyss:2  | Noticed a smoke demon
    86 | Abyss:2  | Noticed a smoke demon
    89 | D:1      | Escaped the Abyss
   734 | D:1      | Reached XP level 2. HP: 16/16 MP: 4/4
   780 | D:1      | Reached * piety under Lugonu
   859 | D:1      | Reached skill level 2 in Long Blades
   932 | D:1      | Reached XP level 3. HP: 16/20 MP: 5/5
   966 | D:2      | Noticed Sigmund
  1379 | D:3      | Reached skill level 1 in Spellcasting
  1471 | D:3      | Reached skill level 1 in Dodging
  1729 | D:4      | Gained mutation: Your natural rate of healing is unusually
                  | fast. [Vine Stalker growth]
  1729 | D:4      | Reached XP level 4. HP: 24/24 MP: 6/6
  1733 | D:4      | Reached skill level 3 in Long Blades
  1746 | D:4      | Reached XP level 5. HP: 6/28 MP: 3/8
  1902 | D:2      | Reached ** piety under Lugonu
  2141 | D:2      | Reached skill level 4 in Long Blades
  2533 | D:1      | Reached XP level 6. HP: 32/32 MP: 9/9
  2653 | D:2      | Reached *** piety under Lugonu
  2673 | D:2      | Killed Sigmund
  2673 | D:2      | Reached skill level 1 in Stealth
  2727 | D:2      | Noticed Terence
  2741 | D:2      | Killed Terence
  2741 | D:2      | Reached skill level 5 in Long Blades
  3270 | D:3      | Reached XP level 7. HP: 27/36 MP: 7/11
  3978 | D:4      | You fall into a shaft and drop 2 floors!
  4064 | D:6      | Reached skill level 6 in Long Blades
  4079 | D:6      | Noticed Duvessa
  4133 | D:6      | Noticed Dowan
  4138 | D:6      | Killed Duvessa
  4138 | D:6      | Gained mutation: You have razor-sharp teeth. [Vine Stalker
                  | growth]
  4138 | D:6      | Reached XP level 8. HP: 18/42 MP: 8/13
  4144 | D:6      | Killed Dowan
  4186 | D:6      | Reached skill level 7 in Long Blades
  4384 | D:7      | Noticed Harold
  4398 | D:7      | Slain by Harold

Levels and vault maps discovered:
D:1:      wheals_arrival_shading, layout_loops_ring
D:2:      layout_loops_ring, minmay_misc_feat_tiny, uniq_terence, uniq_sigmund
D:3:      corexii_shack_village, layout_basic, first_ration
D:4:      layout_loops_ring
D:6:      layout_basic, uniq_duvessa
D:7:      layout_basic, gammafunk_temple_overflow_wave,
          minmay_temple_entry_statues_pillars, gammafunk_ghost_grave,
          uniq_menkaure, uniq_harold

Skill      XL: |  1  2  3  4  5  6  7  8 |
---------------+-------------------------+-----
Fighting       | 3 4 |  4.0
Long Blades    | 2 3 4 5 6 7 |  7.3
Spellcasting   | 1 2 3 |  3.6
Dodging        | 1 2 |  2.4
Armour         | 2 |  2.3
Stealth        | 1 |  1.5
Invocations    | |  1.8

Action                   |  1- 3 |  4- 6 |  7- 9 || total
-------------------------+-------+-------+-------++-------
Melee: Great sword       |    73 |   124 |   100 ||   297
       Bite              |    10 |    34 |    31 ||    75
Invok: Depart the Abyss  |     1 |       |       ||     1
       Bend Space        |       |       |     1 ||     1
  Use: Scroll            |     2 |       |     2 ||     4
       Potion            |     1 |       |     3 ||     4
 Stab: Sleeping          |     1 |     1 |       ||     2
  Eat: Chunk             |     2 |     6 |     4 ||    12
Armor: Leather armour    |    25 |    31 |    30 ||    86
       Skin              |       |       |     6 ||     6
Dodge: Dodged            |    56 |    84 |    87 ||   227
       Rpst.: Great sword |    13 |    29 |    35 ||    77

Table legend:
 A = Non-vault XP
 B = Vault XP
 C = Vault XP percentage of total XP
 D = Non-vault monster count
 E = Vault monster count
 F = Vault count percentage of total count
                 A         B        C        D         E       F
            +---------+---------+-------+---------+---------+-------
      Total |    1390 |     491 |  26.1 |     109 |      13 |  10.7
            +---------+---------+-------+---------+---------+-------
        D:1 |      81 |       0 |   0.0 |      38 |       0 |   0.0
        D:2 |      80 |     248 |  75.6 |      31 |       2 |   6.1
        D:3 |      65 |      17 |  20.7 |       8 |       9 |  52.9
        D:4 |     362 |       0 |   0.0 |      14 |       0 |   0.0
        D:6 |     708 |     226 |  24.2 |      14 |       2 |  12.5
        D:7 |      94 |       0 |   0.0 |       4 |       0 |   0.0
            +---------+---------+-------+---------+---------+-------
